 Dungeon Crawl Stone Soup version 0.26-a0-854-gdc81c2f471 (webtiles) character file.

Game seed: 5987205787079441440

3 Descartes the Sneak (level 1, 0/10 HPs)
             Began as a Felid Delver on Nov 22, 2020.
             Killed from afar by an orc wizard (6 damage)
             ... with a magic dart
             ... on level 4 of the Dungeon.
             The game lasted 00:00:39 (79 turns).

Descartes the Sneak (Felid Delver)                    Turns: 79, Time: 00:00:39

Health: 0/10       AC:  1    Str:  8    XL:     1   Next: 41%
Magic:  2/2        EV: 18    Int: 11    God:
Gold:   0          SH:  0    Dex: 17    Spells: 0/0 levels left
                                        Lives:  0   Deaths: 0

rFire    . . .     SeeInvis +     - Unarmed
rCold    . . .     Faith    .   (shield unavailable)
rNeg     . . .     Spirit   .   (armour unavailable)
rPois    .         Reflect  .   (helmet unavailable)
rElec    .         Harm     .   (cloak unavailable)
rCorr    .         Rampage  .   (gloves unavailable)
MR       .....                  (boots unavailable)
Stlth    ++++......             (no amulet)
HPRegen  0.03/turn              (no ring)
MPRegen  0.08/turn              (no ring)

@: quick
A: very small, no armour, no weapons or thrown items, stealth, claws 1, fangs 3,
see invisible, speed 1, shaggy fur 1, sharp paws
a: no special abilities


You were on level 4 of the Dungeon.
You visited 1 branch of the dungeon, and saw 3 of its levels.

Inventory:

Wands
 e - a wand of digging (3)
Scrolls
 a - a scroll of fog
 b - a scroll of magic mapping
 c - a scroll of fear
 g - a scroll of amnesia {unknown}
Potions
 d - a potion of haste
 f - a potion of attraction {unknown}


   Skills:
 - Level 3.0 Fighting
 - Level 2.6 Dodging
 + Level 6.8 Stealth
 - Level 2.0 Unarmed Combat


You couldn't memorise any spells.
You didn't know any spells.
Your spell library was empty.

Dungeon Overview and Level Annotations

Branches:
Dungeon (5/15)
 Temple: D:4-7

Altars:


Innate Abilities, Weirdness & Mutations

You cannot wear armour.
You are incapable of wielding weapons or throwing items.
Your paws allow you to move quietly. (Stealth)
You have sharp claws.
You have razor-sharp teeth.
You have supernaturally acute eyesight. (SInv)
You cover ground quickly.
You are covered in fur. (AC +1)
Your sharp claws are effective at attacking unaware monsters.


Message History

The orc wizard is lightly wounded.
An orc comes into view.
The orc wizard closely misses you.
You miss the orc wizard.
The orc wizard is lightly wounded.
The orc wizard closely misses you.
You miss the orc wizard.
The orc wizard is lightly wounded.
The orc wizard misses you.
You closely miss the orc wizard.
The orc wizard is lightly wounded.
The orc wizard mumbles some strange words.
The orc wizard blinks!
The orc barely misses you.
You scratch the orc but do no damage. The orc barely misses you.
You barely miss the orc.
The orc wizard gestures at you while chanting.
The magic dart hits you.
Ouch! That really hurt!
You die...

#########
........# #>#
##.##
##...############.
#.^...o.$[@oooo...
##...#############
##.## ###


You could see an orc wizard and 4 orcs.

Vanquished Creatures
  A giant cockroach (D:3)
  A hobgoblin (D:3)
  A rat (D:3)
3 creatures vanquished.

Notes
Turn   | Place    | Note
-------+----------+-------------------------------------------
     0 | D:5      | Descartes the Felid Delver began the quest for the Orb.
     0 | D:5      | Reached XP level 1. HP: 10/10 MP: 2/2
     8 | D:4      | Noticed an orc wizard
    79 | D:4      | Killed from afar by an orc wizard

Illustrated notes

Levels and vault maps discovered:
D:3:      layout_basic, portal_sewer_entry_d, minmay_misc_feat_enclosed,
          uniq_jessica, uniq_natasha
D:4:      layout_loops_ring, kiku_gazebo_pond_becter
D:5:      layout_basic, grunt_ministairs_7, uniq_prince_ribbit1

Action                   || total
-------------------------++-------
Melee: Unarmed           ||    17
       Bite              ||     1
Dodge: Dodged            ||    14

Table legend: (Time is in decaauts)
 A = Elapsed time spent in this place.
 B = Non-inter-level travel time spent in this place.
 C = Inter-level travel time spent in this place.
 D = Time resting spent in this place.
 E = Time spent auto-exploring this place.
 F = Levels seen in this place.
 G = Mean time per level.
                   A        B        C        D        E       F      G
               +--------+--------+--------+--------+--------+-----+--------+
         Total |     68 |     68 |      0 |      0 |      0 |   3 |   22.7 |
       Dungeon |     68 |     68 |      0 |      0 |      0 |   3 |   22.7 |
               +--------+--------+--------+--------+--------+-----+--------+

Top non-repeatable levels by time:
     D:3: 50 daAuts
     D:4: 15 daAuts
     D:5: 2 daAuts
